 Dungeon Crawl Stone Soup version 0.26.1-11-gd32895ea62 (webtiles) character file.

Game seed: 7819056627464425615

77 Fortitude43 the Shooter (level 4, -1/22 HPs)
             Began as a Spriggan Hunter on May 10, 2021.
             Slain by an adder (5 damage)
             ... on level 3 of the Dungeon.
             The game lasted 00:21:35 (3330 turns).

Fortitude43 the Shooter (Spriggan Hunter)           Turns: 3330, Time: 00:21:36

Health: -1/22      AC:  2    Str:  8    XL:     4   Next: 14%
Magic:  5/5        EV: 20    Int: 12    God:
Gold:   155        SH:  0    Dex: 17    Spells: 3/3 levels left

rFire    . . .     SeeInvis +   a - +2 shortbow
rCold    . . .     Faith    .   (shield currently unavailable)
rNeg     . . .     Spirit   .   c - +0 robe
rPois    .         Reflect  .   (helmet restricted)
rElec    .         Harm     .   (no cloak)
rCorr    .         Rampage  .   (gloves unavailable)
Will     .....                  (boots unavailable)
Stlth    +++.......             (no amulet)
HPRegen  0.07/turn              k - ring of stealth
MPRegen  0.09/turn              (no ring)

@: lethally poisoned (-1 -> -7), very quick
A: very small, unfitting armour, see invisible, speed 3
a: no special abilities


You were on level 3 of the Dungeon.
You visited 1 branch of the dungeon, and saw 3 of its levels.

You collected 155 gold pieces.

Inventory:

Hand Weapons
 a - a +2 shortbow (weapon)
 b - a +0 mace
Missiles
 d - 48 arrows (quivered ammo)
Armour
 c - a +0 robe (worn)
Jewellery
 k - a ring of stealth (left hand)
Wands
 e - a wand of iceblast (6)
 l - a wand of digging (2)
Scrolls
 h - 2 scrolls of teleportation
Potions
 g - a potion of resistance {unknown}
 i - a potion of degeneration {unknown}
 j - a potion of mutation {unknown}
 m - a potion of heal wounds {unknown}
 n - 2 potions of curing {unknown}
 o - a potion of ambrosia {unknown}


   Skills:
 - Level 1.5 Fighting
 + Level 5.9 Bows
 + Level 5.0 Dodging
 - Level 1.5 Stealth


You had 3 spell levels left.
You didn't know any spells.
Your spell library was empty.

Dungeon Overview and Level Annotations

Branches:
Dungeon (3/15)

Altars:
Uskayaw


Innate Abilities, Weirdness & Mutations

You are very small and have problems with some larger weapons.
You are too small for most types of armour.
You have supernaturally acute eyesight. (SInv)
You cover ground extremely quickly.


Message History

Aim: an adder (severely wounded, 48% to hit)
You shoot an arrow. The arrow hits the adder.
The adder is almost dead.
The goblin shoots a stone.
The stone misses you.
b - a +0 mace (weapon)
You feel sick.
You are no longer poisoned.
The adder misses you.
The goblin shoots a stone.
The stone misses you.
Okay, then.
You hit the adder but do no damage.
The adder is almost dead.
The adder closely misses you.
The goblin shoots a stone.
The stone completely misses you. The adder bites you.
* * * LOW HITPOINT WARNING * * *
You are lethally poisoned!
The adder poisons you!
a - a +2 shortbow (weapon)
* * * LOW HITPOINT WARNING * * *
You feel sick. The adder bites you.
You die...

,,,,,,,,,**#######......#........
,,,,,,,,,* #.g....#........
,,,,,,,,,* #......#........
,,,,,,,,,* #......########.
,,,,,,,,,* #......# ## ,,,,,,,,,*
#######......# ,,,,,,,,,*
#.....((.....# ,,,,,,,,,*
#....S.......# ,,,,,,,,,*
#....@.......# ,,,,,,,,,*
#...........##********
,,,,,,,,,**#.............,,,,,,,,
,,,,,,,,,.................,,,,,,,
***,,,,,,.....########...[.,,,,,,
*,,,,,......* #.....,,,,,,
*,,,,,......* #....,,,,,,,
*,,,,,,....,* *,,,,,,,,,,,
*,,,,,,,,,,,* *,,,,,,,,,,,


You could see an adder and a goblin.

Vanquished Creatures
  2 adders
  3 worms (D:2)
  2 dart slugs (D:1)
  2 leopard geckos
  2 giant cockroaches
  5 goblins
  6 hobgoblins
  8 kobolds
  2 quokkas
  3 bats
  3 frilled lizards
  7 rats
45 creatures vanquished.

Notes
Turn   | Place    | Note
-------+----------+-------------------------------------------
     0 | D:1      | Fortitude43 the Spriggan Hunter began the quest for the
                  | Orb.
     0 | D:1      | Reached XP level 1. HP: 10/10 MP: 2/2
    39 | D:1      | Reached skill level 5 in Bows
    89 | D:1      | Reached XP level 2. HP: 14/14 MP: 3/3
  1967 | D:2      | Reached XP level 3. HP: 17/18 MP: 4/4
  2085 | D:2      | Found a hide-covered altar of Uskayaw.
  3270 | D:3      | Reached skill level 5 in Dodging
  3270 | D:3      | Reached XP level 4. HP: 22/22 MP: 5/5
  3330 | D:3      | Slain by an adder

Illustrated notes

Levels and vault maps discovered:
D:1:      sevenhm_arrival_forest_fort_small_3, layout_basic, minivault_5
D:2:      cheibrodos_old_hovel, layout_loops_ring, lemuel_coloured_pillars_altar
D:3:      layout_basic, gammafunk_temple_overflow_elements,
          overflow_temple_1_default, chequers_ecumenical_altar_simple_redux,
          uniq_crazy_yiuf_cottage

Skill      XL: |  1  2  3 |
---------------+----------+-----
Bows           | 5 |  5.9
Dodging        | 4 5 |  5.0
Fighting       | |  1.5
Stealth        | |  1.5

Action                   |  1- 3 |  4- 6 || total
-------------------------+-------+-------++-------
Melee: Short sword       |    13 |       ||    13
       Hand axe          |    14 |       ||    14
       Mace              |    38 |    14 ||    52
 Fire: Shortbow          |    99 |     9 ||   108
  Use: Scroll            |    10 |       ||    10
 Stab: Sleeping          |     2 |       ||     2
Armor: Robe              |     8 |     3 ||    11
Dodge: Dodged            |    57 |    24 ||    81
